 Dungeon Crawl Stone Soup version 0.24.0-123-gd5b16e6ec5 (webtiles) character file.

Game seed: 9424834984811745001, levelgen mode: deterministic

28 Johnny the Poker (level 2, 0/24 HPs)
             Began as a Demigod Gladiator on Jan 25, 2020.
             Succumbed to a goblin's poison
             ... on level 2 of the Dungeon.
             The game lasted 00:00:49 (1137 turns).

Johnny the Poker (Demigod Gladiator)                Turns: 1137, Time: 00:00:50

Health: 0/24       AC:  9    Str: 22    XL:     2   Next: 75%
Magic:  3/4        EV:  9    Int: 12    God:
Gold:   74         SH:  0    Dex: 17    Spells: 1/1 levels left

rFire    . . .     SeeInvis .   a - +0 trident
rCold    . . .     Gourm    .   (no shield)
rNeg     . . .     Faith    .   j - +0 chain mail
rPois    .         Spirit   +   c - +0 helmet
rElec    .         Reflect  .   (no cloak)
rCorr    .         Harm     .   (no gloves)
MR       .....                  (no boots)
Stlth    ..........             b - amulet of guardian spirit
HPRegen  0.00/turn              (no ring)
MPRegen  0.09/turn              (no ring)

@: mighty, lethally poisoned (0 -> -16)
A: hooves 1, high mp 1, inhibited regeneration
a: no special abilities


You were on level 2 of the Dungeon.
You were hungry.

You visited 1 branch of the dungeon, and saw 2 of its levels.

You collected 74 gold pieces.

Inventory:

Hand Weapons
 a - a +0 trident (weapon)
Missiles
 d - 3 throwing nets (quivered)
Armour
 c - a +0 helmet (worn)
 j - a +0 chain mail (worn)
Jewellery
 b - an amulet of guardian spirit (around neck)
 k - an uncursed ring of ice {unknown}
Scrolls
 e - 2 scrolls of identify {unknown}
 g - a scroll of teleportation {unknown}
 h - 2 scrolls of remove curse {unknown}
 i - a scroll of enchant weapon {unknown}
 l - a scroll of immolation {unknown}
 n - a scroll of noise {unknown}
Comestibles
 f - 6 rations


   Skills:
 + Level 2.2 Fighting
 * Level 3.4 Polearms
 - Level 1.7 Throwing
 - Level 2.6 Dodging
 + Level 0.4 Spellcasting


You had one spell level left.
You didn't know any spells.
Your spell library was empty.

Dungeon Overview and Level Annotations

Branches:
Dungeon (2/15)

Annotations:
D:2 Robin


Innate Abilities, Weirdness & Mutations

You have an increased reservoir of magic. (+10% MP)
You have large cloven feet.
You do not regenerate when monsters are visible.


Message History

You kill the goblin!
* * * LOW HITPOINT WARNING * * *
You feel sick. The goblin barely misses you.
Robin roars a battlecry!
The goblin goes into a battle-frenzy!
Unknown command.
It was a potion of mutation.
You feel extremely strange.
Your regeneration stops near monsters.
Your feet thicken and deform.
* * * LOW HITPOINT WARNING * * *
You feel sick. The goblin hits you but does no damage.
It was a potion of might.
You feel very mighty all of a sudden.
* * * LOW HITPOINT WARNING * * *
You feel sick. The goblin hits you but does no damage.
Unknown command.
* * * LOW HITPOINT WARNING * * *
You feel sick.
Things that are here:
a +0 dagger; a coppery potion; a goblin corpse You die...

##...##
####.....##
+.........#
####.....##
##...##
##.## #.#
#.# #@# #)#
#g# #g# #†#
#g# #.#
#g...#
#.#####


You could see Robin and 2 goblins.

Vanquished Creatures
  A worm (D:2)
  A giant cockroach (D:2)
  7 goblins
  5 hobgoblins
  2 bats (D:1)
  2 frilled lizards (D:1)
  2 kobolds
  3 rats (D:1)
23 creatures vanquished.

Notes
Turn   | Place    | Note
-------+----------+-------------------------------------------
     0 | D:1      | Johnny the Demigod Gladiator began the quest for the Orb.
     0 | D:1      | Reached XP level 1. HP: 17/17 MP: 3/3
   250 | D:1      | Reached skill level 3 in Polearms
   502 | D:1      | Reached XP level 2. HP: 24/24 MP: 0/4
   774 | D:2      | Found a radiant altar of Vehumet.
  1114 | D:2      | Noticed Robin
  1134 | D:2      | Gained mutation: You do not regenerate when monsters are
                  | visible. [potion of mutation]
  1134 | D:2      | Gained mutation: You have large cloven feet. [potion of
                  | mutation]
  1136 | D:2      | HP: 1/24 [poisoned by a goblin]
  1137 | D:2      | Succumbed to a goblin's poison

Levels and vault maps discovered:
D:1:      nicolae_arrival_somewhat_less_tricky_arrival, layout_basic
D:2:      layout_loops_corners, makhleb_heckhound_becter, lemuel_crystal_altar,
          lemuel_crystal_altar, corner_web_ring, uniq_crazy_yiuf_cottage,
          uniq_robin

Skill      XL: |  1 |
---------------+----+-----
Fighting       | 2 |  2.2
Polearms       | 3 |  3.4
Throwing       | |  1.7
Dodging        | |  2.6
Spellcasting   | |  0.4

Action                   || total
-------------------------++-------
Melee: Trident           ||    72
  Use: Potion            ||     2
Armor: Leather armour    ||     5
       Chain mail        ||    23
Dodge: Dodged            ||    23
